 Dungeon Crawl Stone Soup version 0.28.0-43-g3370ac3207 (webtiles) character file.

Game seed: 15416708361822356571

2201 Exporg the Covered (level 9, -6/69 HPs)
             Began as a Formicid Fighter on Mar 18, 2022.
             Was an Initiate of Dithmenos.
             Mangled by a two-headed ogre
             ... wielding a +0 giant club
              (14 damage)
             ... on level 8 of the Dungeon.
             The game lasted 00:12:06 (8127 turns).

Exporg the Covered (Formicid Fighter)               Turns: 8127, Time: 00:12:06

Health: -6/69      AC: 11    Str: 23    XL:     9   Next: 60%
Magic:  9/9        EV:  8    Int:  8    God:    Dithmenos [......]
Gold:   429        SH: 15    Dex: 12    Spells: 8/8 levels left

rFire   . . .      SeeInvis +   o - +2 spear (freeze)
rCold   . . .      Faith    .   e - +0 kite shield
rNeg    . . .      Spirit   .   F - +0 chain mail
rPois   .          Reflect  +   (helmet unavailable)
rElec   .          Harm     .   (no cloak)
rCorr   .          Rampage  .   f - +0 pair of gloves
Will    +....                   (no boots)
Stlth   ..........              n - amulet of reflection
HPRegen 0.21/turn               (no ring)
MPRegen 0.11/turn               (no ring)

@: mighty, unable to read
A: permanent stasis, dig shafts and tunnels, antennae 3, four strong arms,
strong-willed 1, inability to read while threatened, MP-powered wands
a: Dig, Shaft Self, Renounce Religion


You were on level 8 of the Dungeon.
You worshipped Dithmenos.
Dithmenos was noncommittal.
You visited 2 branches of the dungeon, and saw 9 of its levels.

You collected 429 gold pieces.

Inventory:

Hand Weapons
 a - a +0 war axe
 o - a +2 spear of freezing (weapon)
Missiles
 g - 83 bolts
 u - 2 throwing nets
Armour
 b - a +0 scale mail
 c - a +0 buckler
 e - a +0 kite shield (worn)
 f - a +0 pair of gloves (worn)
 F - a +0 chain mail (worn)
 G - a +0 plate armour
Magical Staves
 h - a staff of conjuration
Jewellery
 n - an amulet of reflection (around neck)
 r - an amulet of magic regeneration
Wands
 D - a wand of acid (11)
 H - a wand of flame (14)
Scrolls
 l - 2 scrolls of blinking {unknown}
 m - a scroll of magic mapping {unknown}
 p - a scroll of immolation
 q - 2 scrolls of brand weapon {unknown}
 s - 2 scrolls of amnesia {unknown}
 t - 2 scrolls of holy word {unknown}
 v - 4 scrolls of noise {unknown}
 x - 4 scrolls of enchant armour {unknown}
 y - a scroll of summoning {unknown}
 z - 3 scrolls of identify
 A - 2 scrolls of teleportation {unknown}
 E - a scroll of fog {unknown}
Potions
 i - a potion of degeneration
 j - a potion of heal wounds
 k - 2 potions of attraction
 w - a potion of curing
 B - a potion of magic {unknown}
 C - a potion of cancellation {unknown}


   Skills:
 + Level 5.7 Fighting
 + Level 3.5(5.6) Axes
 + Level 6.7(7.2) Polearms
 + Level 7.1 Armour
 + Level 2.7 Dodging
 + Level 1.7 Stealth
 + Level 6.9 Shields


You had 8 spell levels left.
You didn't know any spells.
Your spell library contained the following spells:

 Spells                   Type           Power      Damage    Failure   Level
 Confusing Touch          Hex            0%         N/A       100%        3
 Yara's Violent Unravell  Hex/Tmut       0%         3d3       100%        5
 Enfeeble                 Hex            0%         N/A       100%        7


Dungeon Overview and Level Annotations

Branches:
Dungeon (8/15)             Temple (1/1) D:7
   Lair: D:8-11

Altars:
Ashenzari
Cheibriados
Dithmenos
Elyvilon
Fedhas
Gozag
Hepliaklqana
Kikubaaqudgha
Makhleb
Nemelex Xobeh
Okawaru
Qazlal
Ru
Sif Muna
Trog
Uskayaw
Vehumet
Wu Jian
Xom
Yredelemnul
Zin
The Shining One


Innate Abilities, Weirdness & Mutations

You cannot be hasted, slowed, berserked, paralysed or teleported.
You can dig through walls and to a lower floor.
You have a pair of large antennae on your head. (SInv)
Your four strong arms can wield two-handed weapons with a shield.
You are strong-willed. (Will+)
You sometimes lose the ability to read scrolls when taking damage.
You expend magic power (3 MP) to strengthen your wands.


Message History

No target in view!
HP restored.
You sense a monster nearby.
A two-headed ogre comes into view. It is wielding two +0 giant clubs.
Found a wand of flame (17).
The two-headed ogre shouts in stereo!
Okay, then.
Okay, then.
You see here 11 arrows.
You feel very mighty all of a sudden. The two-headed ogre closely misses you.
The two-headed ogre hits you with a +0 giant club!
You puncture the two-headed ogre! You freeze the two-headed ogre.
The two-headed ogre is lightly wounded.
You hit the two-headed ogre. You freeze the two-headed ogre.
The two-headed ogre is moderately wounded.
The two-headed ogre closely misses you. You block the two-headed ogre's attack.
You hit the two-headed ogre. You freeze the two-headed ogre.
The two-headed ogre is heavily wounded.
You block the two-headed ogre's attack.
The two-headed ogre hits you with a +0 giant club!
You feel threatened and lose the ability to read scrolls!
You hit the two-headed ogre. You freeze the two-headed ogre.
The two-headed ogre is heavily wounded.
You puncture the two-headed ogre! You freeze the two-headed ogre.
The two-headed ogre is severely wounded.
You block the two-headed ogre's attack.
The two-headed ogre hits you with a +0 giant club!!
* * * LOW HITPOINT WARNING * * *
You closely miss the two-headed ogre.
The two-headed ogre is severely wounded.
The two-headed ogre hits you with a +0 giant club!
* * * LOW HITPOINT WARNING * * *
The two-headed ogre completely misses you.
You hit the two-headed ogre. You freeze the two-headed ogre.
The two-headed ogre is severely wounded.
You puncture the two-headed ogre! You freeze the two-headed ogre.
The two-headed ogre is almost dead.
The two-headed ogre hits you with a +0 giant club!
You die...

######## # #......# .#
#......########.# ....
#...............# ...
#...............# ..
#..........(....## ##.#
#................# ...
###.....O@.........#
#.##..........######..#
#.........(..).#
#..#.#......<..#
#..#.#...#.....#
#..#.#.###.....#
#..#.#.........#
#./#.#.###.#####
.......# #.#


You could see a two-headed ogre.

Vanquished Creatures
  Grinder (D:5)
  A shadow (D:8)
  Duvessa (D:5)
  A sky beast (D:7)
  2 black bears
  An orc warrior (D:7)
  A necrophage (D:6)
  2 phantoms (D:4)
  3 centaurs
  Blork the orc (D:4)
  A kobold brigand (D:7)
  A gnoll sergeant (D:5)
  2 scorpions
  Dowan (D:5)
  A centaur zombie (D:6)
  A gnoll shaman (D:7)
  3 jellies
  2 iguanas
  Natasha (twice) (D:4)
  2 orc wizards (D:7)
  Robin (D:2)
  4 adders
  9 gnolls
  A shadow imp (D:7)
  A white imp (D:6)
  An ufetubus (D:6)
  2 worms
  3 dart slugs
  8 orcs
  6 ball pythons
  3 endoplasms
  12 goblins
  8 hobgoblins
  17 kobolds
  6 quokkas
  3 bats (D:1)
  5 frilled lizards
  6 rats
126 creatures vanquished.

Notes
Turn   | Place    | Note
-------+----------+-------------------------------------------
     0 | D:1      | Exporg the Formicid Fighter began the quest for the Orb.
     0 | D:1      | Reached XP level 1. HP: 18/18 MP: 1/1
   378 | D:1      | Reached XP level 2. HP: 24/24 MP: 2/2
   807 | D:1      | Reached XP level 3. HP: 29/29 MP: 3/3
  1267 | D:2      | Reached XP level 4. HP: 34/37 MP: 4/4
  1410 | D:2      | Found a faded altar of an unknown god.
  1457 | D:2      | Noticed Robin
  1774 | D:2      | Killed Robin
  2178 | D:3      | Found a glowing silver altar of Zin.
  2283 | D:3      | Reached XP level 5. HP: 42/42 MP: 5/5
  2388 | D:3      | Found a radiant altar of Vehumet.
  2823 | D:4      | Reached skill level 1 in Polearms
  2892 | D:4      | Noticed Blork the orc
  2894 | D:4      | Noticed a phantom
  3135 | D:4      | Noticed a black bear
  3209 | D:4      | Killed a phantom
  3210 | D:4      | Reached skill level 4 in Armour
  3210 | D:4      | Reached skill level 1 in Dodging
  3210 | D:4      | Reached XP level 6. HP: 16/48 MP: 6/6
  3435 | D:4      | Killed Blork the orc
  3565 | D:4      | Reached skill level 1 in Stealth
  3565 | D:4      | Reached XP level 7. HP: 47/55 MP: 7/7
  3659 | D:4      | Noticed Natasha
  3667 | D:4      | Killed Natasha
  3971 | D:4      | Noticed Natasha
  3987 | D:4      | Killed Natasha
  4047 | D:5      | Entered Level 5 of the Dungeon
  4315 | D:5      | Noticed Grinder
  4320 | D:5      | Killed Grinder
  4321 | D:5      | Reached skill level 5 in Armour
  4478 | D:5      | Reached XP level 8. HP: 43/61 MP: 8/8
  4579 | D:5      | Noticed Dowan
  4579 | D:5      | Noticed Duvessa
  4608 | D:5      | HP: 4/91 [poisoned by Duvessa]
  4613 | D:5      | Killed Duvessa
  4614 | D:5      | Gained mutation: You sometimes lose the ability to read
                  | scrolls when taking damage. [potion of mutation]
  4614 | D:5      | Gained mutation: You expend magic power (3 MP) to
                  | strengthen your wands. [potion of mutation]
  4614 | D:5      | Gained mutation: You are strong-willed. (Will+) [potion of
                  | mutation]
  4626 | D:5      | Killed Dowan
  4924 | D:5      | Identified the +1 mace of the Orb {venom, rElec Will+ Str-2
                  | Dex+2}
  4998 | D:5      | Reached skill level 5 in Polearms
  5003 | D:5      | Reached skill level 5 in Fighting
  5036 | D:5      | Reached skill level 6 in Armour
  5822 | D:6      | Reached skill level 5 in Shields
  6377 | D:7      | Reached XP level 9. HP: 30/68 MP: 9/9
  7271 | D:7      | Found a staircase to the Ecumenical Temple.
  7287 | Temple   | Entered the Ecumenical Temple
  7376 | Temple   | Became a worshipper of Dithmenos the Shadowed
  7773 | D:7      | Reached skill level 7 in Armour
  8107 | D:8      | Noticed a two-headed ogre
  8127 | D:8      | Mangled by a two-headed ogre

Illustrated notes

Levels and vault maps discovered:
D:1:      dpeg_arrival_arbitrary_c, layout_basic, serial_rivers,
          chequers_serial_rivers_micro_a, chequers_serial_rivers_marsh,
          chequers_serial_rivers_room_a, chequers_serial_rivers_small_b,
          chequers_serial_rivers_room_a
D:2:      layout_loops_ring, hellmonk_ecumenical_altar_blasted, uniq_robin
D:3:      layout_loops_ring, mainiacjoe_overflow_six_doors_small, zin_treasury
D:4:      layout_loops_cross, uniq_blork_the_orc, uniq_natasha
D:5:      layout_loops_corners, uniq_grinder, uniq_duvessa
D:6:      layout_loops_cross
D:7:      layout_loops_cross, minmay_temple_entry_waves
D:8:      nzn_winding_woodlands_stair_cross
          [nzn_winding_woodlands_5x15_split_checker,
          nzn_winding_woodlands_center_diamonds,
          nzn_winding_woodlands_5x15_garden,
          nzn_winding_woodlands_5x5_perimeter, nzn_winding_woodlands_hourglass,
          nzn_winding_woodlands_5x15_sidewinder,
          nzn_winding_woodlands_center_lodge, nzn_winding_woodlands_5x15_eye],
          layout_basic, gammafunk_ghost_wrathful_warriors,
          chequers_hall_statues_corner_a
Temple:   mainiacjoe_temple_big_plus

Skill      XL: |  1  2  3  4  5  6  7  8  9 |
---------------+----------------------------+-----
Shields        | 4 6 |  6.9
Axes           | 3 |  3.5
Fighting       | 4 5 |  5.7
Polearms       | 2 3 4 5 6 |  6.7
Armour         | 4 5 6 7 |  7.1
Dodging        | 1 2 |  2.7
Stealth        | 1 |  1.7

Action                   |  1- 3 |  4- 6 |  7- 9 || total
-------------------------+-------+-------+-------++-------
Melee: War axe           |    74 |    40 |       ||   114
       Spear             |       |   101 |   351 ||   452
 Abil: Dig               |       |     3 |       ||     3
  Use: Scroll            |       |     5 |       ||     5
       Potion            |       |     1 |     8 ||     9
Armor: Scale mail        |    39 |    30 |    47 ||   116
       Skin              |       |     4 |     7 ||    11
       Chain mail        |       |       |    22 ||    22
Dodge: Dodged            |    46 |    35 |    62 ||   143
Block: Buckler           |    26 |    23 |    48 ||    97
       Reflection        |       |       |     9 ||     9
       Kite shield       |       |       |   141 ||   141
